 Dungeon Crawl Stone Soup version 0.30-a0-696-g2367cd04db (webtiles) character file.

Game seed: 4457447562051427858

93 acebull12 the Shield-Bearer (level 4, -5/37 HPs)
             Began as a Formicid Fighter on Jan 20, 2023.
             Slain by an orc warrior
             ... wielding a +0 hand axe
              (8 damage)
             ... on level 3 of the Dungeon.
             The game lasted 00:02:04 (1785 turns).

acebull12 the Shield-Bearer (Formicid Fighter)      Turns: 1785, Time: 00:02:05

Health: -5/37      AC:  7    Str: 22    XL:     4   Next: 92%
Magic:  4/4        EV:  9    Int:  8    God:
Gold:   178        SH:  5    Dex: 13    Spells: 3/3 levels left

rFire   . . .      SeeInvis +    a - +0 war axe
rCold   . . .      Faith    .    c - +0 buckler
rNeg    . . .      Spirit   .    b - +0 scale mail
rPois   .          Reflect  .    (helmet unavailable)
rElec   .          Harm     .    (no cloak)
rCorr   .          Rampage  .    (no gloves)
Will    .....                    (no boots) Stlth
                                 (no amulet)
HPRegen 0.26/turn                (no ring)
MPRegen 0.09/turn                (no ring)

@: no status effects
A: permanent stasis, dig shafts and tunnels, antennae 3, four strong arms
a: Dig, Shaft Self


You were on level 3 of the Dungeon.
You visited 1 branch of the dungeon, and saw 3 of its levels.

You collected 178 gold pieces.

Inventory:

Hand Weapons
 a - a +0 war axe (weapon)
Missiles
 e - 67 stones
Armour
 b - a +0 scale mail (worn)
 c - a +0 buckler (worn)
Scrolls
 f - a scroll of blinking {unknown}
 g - 2 scrolls of magic mapping {unknown}
 h - a scroll of fear {unknown}
 i - a scroll of noise {unknown}
 k - a scroll of immolation {unknown}
 l - a scroll of butterflies {unknown}
 m - 2 scrolls of poison {unknown}
 o - 5 scrolls of identify {unknown}
Potions
 d - 2 potions of might
 j - a potion of ambrosia {unknown}
 n - 2 potions of mutation {unknown}


   Skills:
 + Level 3.8 Fighting
 + Level 2.8 Axes
 * Level 4.2 Armour
 + Level 0.2 Dodging
 * Level 4.8 Shields


You had 3 spell levels left.
You didn't know any spells.
Your spell library contained the following spells:

 Spells                   Type           Power      Damage    Failure   Level
 Cigotuvi's Dreadful Rot  Necr/Pois/Air  0%         N/A       90%         2
 Poisonous Vapours        Pois/Air       0%         N/A       90%         2
 Mephitic Cloud           Conj/Pois/Air  0%         N/A       99%         3


Dungeon Overview and Level Annotations

Branches:
Dungeon (3/15)

Altars:


Innate Abilities, Weirdness & Mutations

You cannot be hasted, slowed, berserked, paralysed or teleported.
You can dig through walls and to a lower floor.
You have a pair of large antennae on your head. (SInv)
Your four strong arms can wield two-handed weapons with a shield.


Message History

You hit the orc.
You kill the orc!
You closely miss the orc priest. You block the orc priest's attack.
You closely miss the orc priest.
The orc priest hits you but does no damage. x2
You slash the orc priest!
The orc priest is severely wounded.
The orc priest mumbles some strange prayers to Beogh against you.
Beogh smites you!
You slash the orc priest!
You kill the orc priest!
No target in view!
No target in view!
You start resting.
An orc warrior comes into view. It is wielding a +0 hand axe.
The orc warrior shouts!
The orc warrior hits you with a +0 hand axe!
* * * LOW HITPOINT WARNING * * *
Items here: $ )) [ ††.
You are too injured to fight recklessly!
You are too injured to fight recklessly!
You are too injured to fight recklessly!
You slash the orc warrior!
The orc warrior is moderately wounded.
You block the orc warrior's attack.
You hit the orc warrior but do no damage.
The orc warrior is moderately wounded.
You block the orc warrior's attack.
The orc warrior hits you with a +0 hand axe!
* * * LOW HITPOINT WARNING * * *
You closely miss the orc warrior.
The orc warrior is moderately wounded.
The orc warrior hits you but does no damage.
You closely miss the orc warrior.
The orc warrior is moderately wounded.
The orc warrior barely misses you.
You hit the orc warrior but do no damage.
The orc warrior is moderately wounded.
The orc warrior hits you with a +0 hand axe!
You die...

..#. ## .... #. ..#. #.
#. .... #. .... ...#. #.
###.####.... #.
#.........#.
..##.#o######...........
.......@..............##
####.#####.#.#..##....##
#..............
#.#.#..##......
#.#.#..........
#.#....####..##
..#............
###.##..###.<.. #.##..#
##.##


You could see an orc warrior.

Vanquished Creatures
  An orc priest (D:3)
  An adder (D:2)
  A dart slug (D:1)
  An orc (D:3)
  5 endoplasms
  4 giant cockroaches
  4 goblins
  5 hobgoblins
  2 kobolds (D:1)
  3 quokkas (D:1)
  7 ball pythons
  2 bats
  6 frilled lizards (D:1)
  6 rats
48 creatures vanquished.

Notes
Turn   | Place    | Note
-------+----------+-------------------------------------------
     0 | D:1      | acebull12 the Formicid Fighter began the quest for the Orb.
     0 | D:1      | Reached XP level 1. HP: 18/18 MP: 1/1
   230 | D:1      | Reached XP level 2. HP: 24/24 MP: 2/2
   415 | D:1      | Reached XP level 3. HP: 27/29 MP: 3/3
   901 | D:2      | Reached XP level 4. HP: 37/37 MP: 4/4
  1022 | D:2      | Identified the +1 leather armour "Umneaxej" {Int+7}
  1779 | D:3      | Noticed an orc warrior
  1785 | D:3      | Slain by an orc warrior

Illustrated notes

Levels and vault maps discovered:
D:1:      minmay_arrival_shattered_statue, layout_basic
D:2:      layout_loops_ring, chequers_serial_rivers_micro_a, minmay_box_of_dots
D:3:      layout_basic, kennysheep_slug_shrine, nicolae_sif_muna_little_library,
          nzn_wu_jian_council_hall, serial_glass, glass_columns_a,
          glass_columns_c, glass_columns_b, glass_columns_c, st_stairs_4,
          guppyfry_early_orc_mine, uniq_natasha

Skill      XL: |  1  2  3 |
---------------+----------+-----
Armour         | 4 |  4.2
Fighting       | |  3.8
Axes           | |  2.8
Dodging        | |  0.2
Shields        | |  4.8

Action                   |  1- 3 |  4- 6 || total
-------------------------+-------+-------++-------
Melee: War axe           |    88 |    44 ||   132
Armor: Scale mail        |    40 |    15 ||    55
Dodge: Dodged            |    46 |    12 ||    58
Block: Buckler           |    26 |    12 ||    38

Table legend: (Time is in decaauts)
 A = Elapsed time spent in this place.
 B = Non-inter-level travel time spent in this place.
 C = Inter-level travel time spent in this place.
 D = Time resting spent in this place.
 E = Time spent auto-exploring this place.
 F = Levels seen in this place.
 G = Mean time per level.
                   A        B        C        D        E       F      G
               +--------+--------+--------+--------+--------+-----+--------+
         Total |   1842 |   1676 |    166 |      7 |   1306 |   3 |  614.0 |
       Dungeon |   1842 |   1676 |    166 |      7 |   1306 |   3 |  614.0 |
               +--------+--------+--------+--------+--------+-----+--------+

Top non-repeatable levels by time:
     D:2: 901 daAuts
     D:1: 761 daAuts
     D:3: 179 daAuts
